Cogmind - Beta 14 @@@ ROGUE MODE // 2025.03.16 @ 00:09:59 Player: BoomBlip Result: Destroyed by G-50 Soldier with Heavy Laser Performance ------------- Evolutions (5) 2500 Regions Visited (13) 2600 Robots Destroyed (102) 510 Value Destroyed (3781) 3781 Prototype IDs (11) 220 Alien Tech Used (0) 0 Bonus (350) 350 TOTAL SCORE: 9961 Bonus ------- High Alert Combat Kills 222 Met Data Miner 300 Friendly Fire -172 Cogmind --------- Core Integrity 0/1000 Matter 300/300 Energy 90/100 System Corruption 32% Temperature Cool (9) Movement Core (50) Location -5/Factory Parts ------- > --- POWER (1) -------- (None) > --- PROPULSION (4) --- (None) > --- UTILITY (9) ------ Enhanced Optical Array Advanced Terrain Scan Processor Targeting Computer Hacking Suite Makeshift System Shield > --- WEAPON (3) ------- Makeshift Hammer > --- INVENTORY (5) ---- Improved Deuterium Engine Improved Deuterium Engine Light Fission Core High-powered Shock Rifle Gauss Rifle Peak State ------------ > --- POWER ------------ Neutrino Core > --- PROPULSION ------- Wheel Compact Wheel Compact Wheel Armored Wheel > --- UTILITY ---------- Advanced Heat Sink High-capacity Storage Unit Enhanced Optical Array Targeting Computer Makeshift Transmission Jammer Hacking Suite System Shield Makeshift System Shield Improved Component Analysis Suite > --- WEAPON ----------- High-powered Shock Rifle Wave Gun Heavy Particle Cannon > --- INVENTORY -------- Improved Deuterium Engine Improved Deuterium Engine Improved Deuterium Engine Improved Deuterium Engine Angular Momentum Engine Light Fission Core Micro Fission Core Advanced Heat Sink High-powered Shock Rifle High-powered Shock Rifle Variable Charge Gun Variable Charge Gun Variable Charge Gun Gauss Rifle Gauss Rifle Flak Gun KE Penetrator Improved Grenade Launcher Makeshift Hammer Makeshift Spear [Rating: 67] Favorites ----------- Power Light Nuclear Core Engine Deuterium Engine Power Core Light Nuclear Core Reactor Light Antimatter Reactor Propulsion Advanced Treads Treads Advanced Treads Leg Aluminum Leg Wheel Wheel Hover Unit Gyrokinetic Inverter Utility High-capacity Storage Unit Device Improved Heat Sink Storage High-capacity Storage Unit Processor Enhanced Optical Array Hackware Makeshift System Shield Protection Layered Medium Armor Plating Weapon Gauss Rifle Energy Gun EM Pulse Gun Energy Cannon Heavy Particle Cannon Ballistic Gun Gauss Rifle Ballistic Cannon Magnetic Acceleration Cannon Launcher Improved Grenade Launcher Impact Weapon Makeshift Hammer Piercing Weapon Makeshift Spear Build | -11 -10 -10 -10 -9 -8 -8 -7 -6 -6 -6 -6 -5 -5 ------- Run | Yrd Mat Min Exi Min Mat Sto Fac Fac Low Low Dat Pro Fac Slots Evolved 10 | . . . . . 4 . 2 2 . . . . 2 Power . | . . . . . . . . . . . . . . Propulsion 2 | . . . . . 1 . . 1 . . . . . Utility 7 | . . . . . 3 . 1 1 . . . . 2 Weapon 1 | . . . . . . . 1 . . . . . . Parts Attached 122 | . 3 . 1 . 16 13 7 3 6 8 . 23 42 Power 15 | . . . . . 1 2 1 . 2 2 . 2 5 Engine 3 | . . . . . 1 . . . . 1 . 1 . Core 11 | . . . . . . 2 1 . 1 1 . 1 5 Reactor 1 | . . . . . . . . . 1 . . . . Propulsion 27 | . 2 . . . 3 3 1 2 . . . 6 10 Treads 14 | . . . . . 2 3 1 2 . . . 5 1 Leg . | . . . . . . . . . . . . . . Wheel 10 | . 2 . . . 1 . . . . . . 1 6 Hover 3 | . . . . . . . . . . . . . 3 Flight . | . . . . . . . . . . . . . . Utility 42 | . 1 . 1 . 8 6 3 1 2 3 . 7 10 Device 19 | . . . . . 1 5 1 . 1 1 . 3 7 Storage 6 | . 1 . 1 . 3 1 . . . . . . . Processor 5 | . . . . . 2 . . 1 . . . 1 1 Hackware 3 | . . . . . . . . . . . . 1 2 Protection 9 | . . . . . 2 . 2 . 1 2 . 2 . Artifact . | . . . . . . . . . . . . . . Weapon 38 | . . . . . 4 2 2 . 2 3 . 8 17 Energy Gun 13 | . . . . . . . . . . . . 1 12 Energy Cannon 1 | . . . . . . . . . . . . 1 . Ballistic Gun 16 | . . . . . 3 2 1 . 2 1 . 5 2 Ballistic Cannon 3 | . . . . . . . 1 . . 2 . . . Launcher 2 | . . . . . . . . . . . . 1 1 Special Weapon . | . . . . . . . . . . . . . . Impact Weapon 2 | . . . . . 1 . . . . . . . 1 Slashing Weapon . | . . . . . . . . . . . . . . Piercing Weapon 1 | . . . . . . . . . . . . . 1 Special Melee Weapon . | . . . . . . . . . . . . . . Unidentified Prototypes 1 | . . . . . . . . . . . . 1 . Corrupted Parts 4 | . . . . . . . . . . . . . 4 System Corruption 9 | . . . . . . . . . . . . . 9 Parts Lost 64 | . . . . 2 . 2 . . 2 1 . 21 36 Power 6 | . . . . . . . . . 1 1 . 1 3 Propulsion 20 | . . . . 1 . . . . . . . 8 11 Utility 17 | . . . . . . 1 . . . . . 7 9 Weapon 21 | . . . . 1 . 1 . . 1 . . 5 13 Highest Loss Streak 13 | . . . . 2 . 2 . . 2 1 . 13 12 To Critical Strikes . | . . . . . . . . . . . . . . Average Slot Usage (%) 90 | . 87 85 85 71 85 99 93 96 99 99 100 93 77 Engine 2 | . 14 14 14 10 6 2 . . . 2 . 2 . Core 3 | . . . . . . 6 7 6 3 1 6 3 4 Treads 15 | . . . . . 9 22 23 25 26 26 26 23 1 Wheel 5 | . 23 28 28 19 8 4 . . . . . . 6 Device 8 | . . . . . 3 8 7 6 6 11 13 10 10 Storage 11 | . 16 14 14 21 14 18 15 13 13 13 13 8 4 Processor 9 | . . . . . 16 9 7 10 13 7 6 9 12 Hackware 3 | . . . . . . . . . . . . 2 13 Protection 7 | . . . . . 8 9 11 13 13 13 13 9 1 Energy Gun 5 | . 28 28 28 19 . . . . . . . 2 8 Ballistic Gun 8 | . . . . . 12 17 16 13 12 9 6 8 2 Ballistic Cannon 3 | . . . . . . . 3 6 6 9 13 4 . Peak Build Rating 67 | . 7 6 7 7 26 30 39 49 58 61 58 58 67 Average Rating 43 | . 6 6 6 4 22 28 35 46 52 58 58 54 57 On Entrance 28 | 6 6 6 6 7 . 26 30 39 49 58 58 58 53 Naked Turns 28 | . . . . 23 5 . . . . . . . . Heaviest Build 85 | 14 29 29 31 31 47 65 75 70 82 85 81 84 84 Greatest Support 89 | 20 20 20 20 20 40 62 64 88 88 88 88 89 54 Greatest Overweight (x) 14 | . 1 1 1 1 2 1 1 1 . . . 6 14 Average Overweight (x) 1 | . . 1 1 . 1 . 1 . . . . . 3 Largest Inventory Capacity 20 | . 15 15 15 15 15 20 20 20 20 20 20 20 20 Average Capacity 18 | . 14 15 15 12 11 17 20 20 20 20 20 20 19 Most Carried 20 | . 6 7 7 7 14 20 20 20 20 20 20 20 20 Average Carried 16 | . 5 6 7 6 8 16 19 20 19 19 20 15 17 Final Capacity 20 | 8 15 15 15 5 15 20 20 20 20 20 20 20 5 Final Carried 20 | 6 6 7 7 5 14 20 20 20 20 20 20 16 5 Class Distribution -------------------- 21% | Mutant 20% | Scavenger-Tank 17% | Tank 9% | Scavenger-Mutant 9% | Gunner 7% | Hacker-Mutant 7% | Hacker-Gunner 3% | Scavenger-Gunner Dominant Class ---------------- Mutant | -10/Materials Mutant | -10/Mines Mutant | -10/Exiles Mutant | -9/Mines Mutant | -8/Materials Scavenger-Mutant | -8/Storage Scavenger-Tank | -7/Factory Scavenger-Tank | -6/Factory Scavenger-Tank | -6/Lower Caves Tank | -6/Lower Caves Tank | -6/Data Miner Gunner | -5/Proximity Caves Hacker-Mutant | -5/Factory Resources | -11 -10 -10 -10 -9 -8 -8 -7 -6 -6 -6 -6 -5 -5 ----------- Run | Yrd Mat Min Exi Min Mat Sto Fac Fac Low Low Dat Pro Fac Matter Collected 2971 | 200 30 . . . 364 337 28 . 381 408 . 674 549 Remotely 60 | . . . . . . . . . . . . . 60 Salvage Created 3988 | . 47 . . . 229 634 28 . 173 340 . 864 1673 Parts 176 | . 5 . . . 6 25 3 . 16 5 . 44 72 Haulers Intercepted 2 | . . . . . . 1 . . . . . . 1 Recyclers Shooed 1 | . . . . . . . . . . . . . 1 Parts Field Recycled . | . . . . . . . . . . . . . . Retrieved Matter . | . . . . . . . . . . . . . . Parts Self-Destructed 71 | . . . . . . . . . 26 5 . 40 . Prevented 6 | . . . . . . . . . 2 1 . 3 . Kills | -11 -10 -10 -10 -9 -8 -8 -7 -6 -6 -6 -6 -5 -5 ------- Run | Yrd Mat Min Exi Min Mat Sto Fac Fac Low Low Dat Pro Fac Combat Hostiles Destroyed 80 | . . . . . 5 10 1 . 9 8 . 27 20 Melee 5 | . . . . . 2 . . . . . . . 3 Guns 42 | . . . . . . 10 1 . 6 4 . 13 8 Cannons 15 | . . . . . . . . . 3 4 . 7 1 AOE 12 | . . . . . . . . . . . . 7 5 Classes Destroyed 18 | . 2 . . . 3 4 . . 1 3 . . 5 Worker 6 | . 1 . . . . . . . . . . . 5 Builder 5 | . . . . . . . . . . . . . 5 Tunneler 3 | . . . . . . . . . . . . . 3 Hauler 2 | . . . . . . 1 . . . . . . 1 Recycler 3 | . . . . . . 1 . . . . . . 2 Mechanic 1 | . . . . . . . . . . . . . 1 Operator 1 | . . . . . . . . . . . . . 1 Drone 2 | . . . . . . 1 . . . . . 1 . Watcher 1 | . 1 . . . . . . . . . . . . Swarmer 29 | . . . . . . . . . 9 1 . 15 4 Grunt 28 | . . . . . 2 7 . . . 5 . 5 9 Brawler 3 | . . . . . . . . . . 1 . 1 1 Duelist 2 | . . . . . . 1 . . . . . 1 . Sentry 8 | . . . . . 2 2 . . . . . 2 2 Hunter 4 | . . . . . 1 . 1 . . . . 2 . Programmer 4 | . . . . . . . . . . . . . 4 Tinkerer 1 | . . . . . . . . . . 1 . . . Mutant 1 | . . . . . . . . . . 1 . . . Best Kill Streak 10 | . 2 . . . 3 9 1 . 4 4 . 10 7 Combat Bots Only 10 | . . . . . 3 9 1 . 4 4 . 10 4 Max Kills in Single Turn 5 | . 1 . . . 1 2 1 . 2 1 . 4 5 Gunslinging . | . . . . . . . . . . . . . . Exploded 4 | . . . . . . . . . . . . 4 2 Melee 1 | . . . . . 1 . . . . . . . 1 Uniques/NPCs Destroyed . | . . . . . . . . . . . . . . Combat | -11 -10 -10 -10 -9 -8 -8 -7 -6 -6 -6 -6 -5 -5 -------- Run | Yrd Mat Min Exi Min Mat Sto Fac Fac Low Low Dat Pro Fac Hostile Shots Fired 737 | . . . . 16 34 33 10 . 49 53 . 313 229 Missed 208 | . . . . 6 7 7 2 . 10 16 . 93 67 Damage Taken 10180 | . 27 . . 173 352 417 155 . 614 687 . 3962 3793 Core 1674 | . . . . 15 54 49 . . 67 72 . 406 1011 Absorbed by Shields . | . . . . . . . . . . . . . . Redirected to Shielding 66 | . . . . . . . . . 14 15 . 37 . Core Remaining (%) 82 | 100 . . . 94 . 81 100 . . . . 35 . Volleys Fired 191 | . 2 . . 3 1 27 6 . 15 29 . 61 47 Largest 3 | . 2 . . 2 1 2 2 . 3 3 . 3 3 Hottest 216 | . 80 . . 80 25 53 53 . 109 139 . 163 216 Shots Fired 495 | . 4 . . 5 1 53 12 . 45 81 . 180 114 Gun 376 | . 4 . . 5 1 53 12 . 30 41 . 138 92 Cannon 115 | . . . . . . . . . 15 40 . 40 20 Launcher 4 | . . . . . . . . . . . . 2 2 Special . | . . . . . . . . . . . . . . Kinetic 363 | . . . . . 1 53 12 . 45 81 . 150 21 Thermal 72 | . . . . . . . . . . . . 14 58 Explosive 4 | . . . . . . . . . . . . 2 2 Electromagnetic 56 | . 4 . . 5 . . . . . . . 14 33 Robot Hit Streak 16 | . 2 . . 1 2 16 6 . 4 8 . 9 9 Robot Miss Streak 4 | . 1 . . 2 . 4 3 . 4 2 . 4 4 Penetration Max 1 | . . . . . . 1 . . . . . . . Secondary Targets 4 | . . . . . . 2 . . . . . 2 . Max Gunslinging Chain 1 | . . . . . . 1 . . . . . 1 . Shots Hit Robots 356 | . 3 . . 2 14 41 9 . 18 42 . 109 118 Core Hits 168 | . 2 . . . 2 26 3 . 11 18 . 51 55 Critical Kills 2 | . . . . . . . . . 1 . . . 1 Critical Parts Destroyed 4 | . . . . . 1 1 . . . . . 1 1 Critical Strikes 16 | . . . . . 2 1 . . 2 3 . 4 4 Destroy 4 | . . . . . . 1 . . 1 . . 2 . Blast 6 | . . . . . . . . . 1 3 . 2 . Corrupt 2 | . . . . . . . . . . . . . 2 Smash 4 | . . . . . 2 . . . . . . . 2 Melee Attacks 69 | . . . . . 15 . . . . . . . 54 Impact 49 | . . . . . 15 . . . . . . . 34 Slashing . | . . . . . . . . . . . . . . Piercing 20 | . . . . . . . . . . . . . 20 Sneak Attacks 10 | . . . . . . . . . . . . . 10 Combat Hostiles . | . . . . . . . . . . . . . . Follow-up Attacks . | . . . . . . . . . . . . . . Damage Inflicted 10855 | . 88 . . 32 574 959 124 . 392 1035 . 3054 4597 Guns 5096 | . 51 . . 32 20 959 124 . 221 419 . 1707 1563 Cannons 1541 | . . . . . . . . . 171 616 . 492 262 Explosions 1737 | . 37 . . . . . . . . . . 855 845 Melee 2481 | . . . . . 554 . . . . . . . 1927 Ramming . | . . . . . . . . . . . . . . Kinetic 4705 | . . . . . 20 959 124 . 392 1035 . 1841 334 Thermal 1408 | . 37 . . . . . . . . . . 177 1194 Explosive 1501 | . . . . . . . . . . . . 855 646 Electromagnetic 760 | . 51 . . 32 . . . . . . . 181 496 Impact 2010 | . . . . . 554 . . . . . . . 1456 Slashing . | . . . . . . . . . . . . . . Piercing 471 | . . . . . . . . . . . . . 471 Highest Corruption 32 | . . . . . . . 1 . . . . . 32 Average Corruption 12 | . . . . . . . 1 . . . . . 14 Corruption Purged . | . . . . . . . . . . . . . . Corruption Blocked . | . . . . . . . . . . . . . . Effects 50 | . . . . . . . 3 . . . . . 47 Message Errors 9 | . . . . . . . 2 . . . . . 7 Matter Fused 13 | . . . . . . . 1 . . . . . 12 Heat Flow Errors 7 | . . . . . . . . . . . . . 7 Energy Discharges 6 | . . . . . . . . . . . . . 6 Parts Rejected 1 | . . . . . . . . . . . . . 1 Data Loss (minor) 4 | . . . . . . . . . . . . . 4 Data Loss (major) 4 | . . . . . . . . . . . . . 4 Misfires 1 | . . . . . . . . . . . . . 1 Misdirections 2 | . . . . . . . . . . . . . 2 Weapon Failures 3 | . . . . . . . . . . . . . 3 Overload Shots . | . . . . . . . . . . . . . . Overflow Damage 719 | . . . . . 93 . . . 5 4 . 31 586 Projectiles 60 | . . . . . . . . . 5 4 . 11 40 Explosions 63 | . . . . . . . . . . . . 20 43 Melee 596 | . . . . . 93 . . . . . . . 503 Knockbacks 16 | . . . . . 1 . . . 3 3 . 3 6 Impact 6 | . . . . . 1 . . . . . . . 5 Kinetic 8 | . . . . . . . . . 3 3 . 2 . Secondary 2 | . . . . . . . . . . . . 1 1 Self-Inflicted Damage 480 | . 27 . . . . . . . . . . 29 424 Shots 10 | . 1 . . . . . . . . . . 1 8 Rammed . | . . . . . . . . . . . . . . Targets Rammed . | . . . . . . . . . . . . . . Kicked . | . . . . . . . . . . . . . . Crushed . | . . . . . . . . . . . . . . Highest Temperature 315 | . 48 . . 36 5 54 . . . 16 . 315 259 Average Temperature 71 | . 29 . . 23 5 14 . . . 12 . 99 69 Received Heat Transfer 2143 | . . . . . 117 189 . . . 274 . 861 702 Effects 1 | . . . . . . . . . . . . . 1 Energy Bleed 1 | . . . . . . . . . . . . . 1 Siege Activations . | . . . . . . . . . . . . . . Robots Corrupted 9 | . . . . . 3 . . . . . . . 6 Combat Hostiles 6 | . . . . . 3 . . . . . . . 3 Parts Fried 21 | . . . . . 4 . . . . 1 . 1 15 Impact Corruptions 24 | . . . . . 4 . . . . . . . 20 Robots Melted . | . . . . . . . . . . . . . . Combat Hostiles . | . . . . . . . . . . . . . . Parts Melted 5 | . . . . . . . . . . . . 2 3 Heat Transferred 1867 | . . . . . . . . . . . . 259 1608 Parts Sabotaged . | . . . . . . . . . . . . . . Parts Stolen . | . . . . . . . . . . . . . . Parts Stripped . | . . . . . . . . . . . . . . Power Chain Reactions 3 | . 1 . . . . . . . . . . . 2 Alert | -11 -10 -10 -10 -9 -8 -8 -7 -6 -6 -6 -6 -5 -5 ------- Run | Yrd Mat Min Exi Min Mat Sto Fac Fac Low Low Dat Pro Fac Peak Influence 676 | . 34 13 . . 190 236 97 2 . . . . 676 Initial 531 | . . 13 . . . 5 51 2 . . . . 531 Average 248 | . 12 13 . . 92 97 38 2 . . . . 531 Maximum Alert Level 2 | . . . . . . 1 . . . . . . 2 Low Security (%) 55 | . 100 100 . 100 100 75 100 100 . . . . . Level 1 8 | . . . . . . 24 . . . . . . 9 Level 2 35 | . . . . . . . . . . . . . 90 Level 3 . | . . . . . . . . . . . . . . Level 4 . | . . . . . . . . . . . . . . Level 5 . | . . . . . . . . . . . . . . High Security . | . . . . . . . . . . . . . . Max Security . | . . . . . . . . . . . . . . Squads Dispatched 11 | . 2 . . . . 1 1 . . . . 1 6 Investigation 4 | . 2 . . . . . 1 . . . . 1 . Extermination 2 | . . . . . . . . . . . . . 2 Reinforcement 3 | . . . . . . 1 . . . . . . 2 Assault . | . . . . . . . . . . . . . . Garrison 2 | . . . . . . . . . . . . . 2 Intercept . | . . . . . . . . . . . . . . Searches Triggered 1 | . . . . . . . . . . . . . 1 Construction Impeded . | . . . . . . . . . . . . . . Haulers Reinforced . | . . . . . . . . . . . . . . Active Scanning Responses . | . . . . . . . . . . . . . . Cargo Convoy Interrupts . | . . . . . . . . . . . . . . Stealth | -11 -10 -10 -10 -9 -8 -8 -7 -6 -6 -6 -6 -5 -5 --------- Run | Yrd Mat Min Exi Min Mat Sto Fac Fac Low Low Dat Pro Fac Distress Signals 4 | . . . . 1 1 1 . . . . . . 1 Communications Jammed 1 | . . . . . . . . . . . . . 1 Distress Signals 1 | . . . . . . . . . . . . . 1 Times Spotted 136 | . 2 . . 13 13 14 1 . 11 11 . 39 32 Peak Tracking Total 19 | . 1 . . 19 4 8 1 . 4 4 . 11 7 Tactical Retreats 14 | . . . . 2 1 . . . . 2 . 7 2 Traps | -11 -10 -10 -10 -9 -8 -8 -7 -6 -6 -6 -6 -5 -5 ------- Run | Yrd Mat Min Exi Min Mat Sto Fac Fac Low Low Dat Pro Fac Traps Triggered 11 | . 2 . . . . 3 2 . . . . . 4 Indirectly . | . . . . . . . . . . . . . . Trap Hack Attempts . | . . . . . . . . . . . . . . Triggered . | . . . . . . . . . . . . . . Disarmed . | . . . . . . . . . . . . . . Reprogrammed . | . . . . . . . . . . . . . . Reused . | . . . . . . . . . . . . . . Traps Extracted . | . . . . . . . . . . . . . . Installed . | . . . . . . . . . . . . . . Triggered 4 | . . . . . . . . . 1 3 . . . Machines | -11 -10 -10 -10 -9 -8 -8 -7 -6 -6 -6 -6 -5 -5 ---------- Run | Yrd Mat Min Exi Min Mat Sto Fac Fac Low Low Dat Pro Fac Machines Disabled 19 | . . . . . . 3 . . . 3 . 1 12 Max in Single Turn 5 | . . . . . . 1 . . . 1 . 1 5 Machines Repaired . | . . . . . . . . . . . . . . Machines Dismantled . | . . . . . . . . . . . . . . Machines Sabotaged . | . . . . . . . . . . . . . . Overloaded Fab Kills . | . . . . . . . . . . . . . . Hacking | -11 -10 -10 -10 -9 -8 -8 -7 -6 -6 -6 -6 -5 -5 --------- Run | Yrd Mat Min Exi Min Mat Sto Fac Fac Low Low Dat Pro Fac Machines Accessed 18 | . . . 4 . 1 4 1 . 1 2 4 1 . Terminals 7 | . . . . . 1 4 1 . . . . 1 . Fabricators . | . . . . . . . . . . . . . . Repair Stations . | . . . . . . . . . . . . . . Recycling Units . | . . . . . . . . . . . . . . Scanalyzers . | . . . . . . . . . . . . . . Garrison Access . | . . . . . . . . . . . . . . Total Hacks 54 | . . . 4 . 3 6 2 . 3 2 31 3 . Successful 47 | . . . 4 . . 3 1 . 3 2 31 3 . Failed 7 | . . . . . 3 3 1 . . . . . . Catastrophic . | . . . . . . . . . . . . . . Database Lockouts . | . . . . . . . . . . . . . . Manual 9 | . . . . . 3 3 2 . 1 . . . . Terminals 14 | . . . . . 3 6 2 . . . . 3 . Fabricators . | . . . . . . . . . . . . . . Repair Stations . | . . . . . . . . . . . . . . Recycling Units . | . . . . . . . . . . . . . . Scanalyzers . | . . . . . . . . . . . . . . Garrison Access . | . . . . . . . . . . . . . . Terminal Hacks 45 | . . . 4 . . 2 . . 3 2 31 3 . Record 21 | . . . 4 . . . . . 3 . 11 3 . Part Schematic 13 | . . . . . . . . . . . 13 . . Robot Schematic 4 | . . . . . . . . . . . 4 . . Prototype ID Bank 3 | . . . . . . . . . . . 3 . . Open Door 4 | . . . . . . 2 . . . 2 . . . Fabricator Hacks . | . . . . . . . . . . . . . . Repair Station Hacks . | . . . . . . . . . . . . . . Recycling Unit Hacks . | . . . . . . . . . . . . . . Scanalyzer . | . . . . . . . . . . . . . . Garrison Access Hacks . | . . . . . . . . . . . . . . Unauthorized Hacks 2 | . . . . . . 1 1 . . . . . . Terminals 2 | . . . . . . 1 1 . . . . . . Botnet 2 | . . . . . . 1 1 . . . . . . Fabricators . | . . . . . . . . . . . . . . Repair Stations . | . . . . . . . . . . . . . . Recycling Units . | . . . . . . . . . . . . . . Scanalyzers . | . . . . . . . . . . . . . . Garrison Access . | . . . . . . . . . . . . . . Data Cores Recovered . | . . . . . . . . . . . . . . Used . | . . . . . . . . . . . . . . Hacking Detections 6 | . . . . . 1 3 1 . . . . 1 . Full Trace Events 1 | . . . . . . . . . . . . 1 . Feedback Events . | . . . . . . . . . . . . . . Feedback Blocked . | . . . . . . . . . . . . . . Robot Schematics Acquired 4 | . . . . . . . . . . . 4 . . Robots Built . | . . . . . . . . . . . . . . Authchips . | . . . . . . . . . . . . . . Time . | . . . . . . . . . . . . . . Total Robot Build Rating . | . . . . . . . . . . . . . . Part Schematics Acquired 13 | . . . . . . . . . . . 13 . . Parts Built . | . . . . . . . . . . . . . . Authchips . | . . . . . . . . . . . . . . Time . | . . . . . . . . . . . . . . Total Part Build Rating . | . . . . . . . . . . . . . . Parts Repaired . | . . . . . . . . . . . . . . Time . | . . . . . . . . . . . . . . Parts Recycled . | . . . . . . . . . . . . . . Recycled Matter . | . . . . . . . . . . . . . . Retrieved Matter . | . . . . . . . . . . . . . . Retrieved Components . | . . . . . . . . . . . . . . Parts Scanalyzed . | . . . . . . . . . . . . . . Part Schematics Acquired . | . . . . . . . . . . . . . . Parts Damaged . | . . . . . . . . . . . . . . Bothacking | -11 -10 -10 -10 -9 -8 -8 -7 -6 -6 -6 -6 -5 -5 ------------ Run | Yrd Mat Min Exi Min Mat Sto Fac Fac Low Low Dat Pro Fac Used RIF Installer . | . . . . . . . . . . . . . . Robots Hacked . | . . . . . . . . . . . . . . Non-combat . | . . . . . . . . . . . . . . Combat . | . . . . . . . . . . . . . . Robot Hacks Applied . | . . . . . . . . . . . . . . Relay Couplers Released . | . . . . . . . . . . . . . . Fabnet Peak Effective % . | . . . . . . . . . . . . . . Robots Rewired 1 | . . . . . . . . . . . . 1 . Allies Hacked . | . . . . . . . . . . . . . . Hacks Repelled . | . . . . . . . . . . . . . . Allies | -11 -10 -10 -10 -9 -8 -8 -7 -6 -6 -6 -6 -5 -5 -------- Run | Yrd Mat Min Exi Min Mat Sto Fac Fac Low Low Dat Pro Fac Total Allies 2 | . . 1 . . . . . . . . . 1 . Largest Group 1 | . . 1 1 . . . . . . . . 1 . Highest-Rated Group 41 | . . 31 31 . . . . . . . . 41 . Highest-Rated Ally 41 | . . 31 31 . . . . . . . . 41 . Total Orders 2 | . . . . . . 1 1 . . . . . . ROAM 1 | . . . . . . . 1 . . . . . . EXPLORE 1 | . . . . . . 1 . . . . . . . Ally Attacks 14 | . . . . . . . . . . . . 14 . Total Damage 191 | . . . . . . . . . . . . 191 . Kills 2 | . . . . . . . . . . . . 2 . Allies Corrupted . | . . . . . . . . . . . . . . Allies Melted . | . . . . . . . . . . . . . . Intel | -11 -10 -10 -10 -9 -8 -8 -7 -6 -6 -6 -6 -5 -5 ------- Run | Yrd Mat Min Exi Min Mat Sto Fac Fac Low Low Dat Pro Fac Robot Analysis Total . | . . . . . . . . . . . . . . Derelict Logs Recovered 2 | . . . . . . . . . . 2 . . . Drone Launches 19 | . . . . . . 17 2 . . . . . . Drone Recoveries 3 | . . . . . . 3 . . . . . . . Exploration | -11 -10 -10 -10 -9 -8 -8 -7 -6 -6 -6 -6 -5 -5 ------------- Run | Yrd Mat Min Exi Min Mat Sto Fac Fac Low Low Dat Pro Fac Turns Passed 7782 | . 62 164 505 82 504 736 741 139 597 1012 131 1511 1598 Spaces Moved 4334 | 1 50 172 531 101 252 245 261 88 371 606 91 806 759 Core 62 | . . . . 48 8 . . . . . . . 6 Treads 2515 | . . . . . 89 245 261 88 371 606 91 729 35 Legs 7 | 1 6 . . . . . . . . . . . . Wheels 1546 | . 44 172 531 53 155 . . . . . . 77 514 Hover 204 | . . . . . . . . . . . . . 204 Flight . | . . . . . . . . . . . . . . Fastest Speed 50 | 120 95 95 95 50 50 155 230 145 145 145 145 145 66 Average Speed 149 | 120 98 95 95 73 157 236 231 151 145 145 145 155 153 Slowest Speed 750 | 120 120 95 95 95 240 240 235 230 145 145 145 225 750 Overloaded Moves . | . . . . . . . . . . . . . . Propulsion Burnouts . | . . . . . . . . . . . . . . Robots Hopped . | . . . . . . . . . . . . . . Cave-ins Triggered . | . . . . . . . . . . . . . . Exploration Rate (%) 43 | 2 14 47 92 42 21 73 8 2 54 63 76 91 18 Regions Visited 13 Branch Regions 8 Pre-discovered Areas 2 | . . . . . . . . . 1 . 1 . . Known Exits Taken . | . . . . . . . . . . . . . . Unknown Exits Taken 13 | 1 1 1 1 1 1 1 1 1 1 1 1 1 . Scrap Searched 11 | . . . . 1 . . . . 2 3 . 5 . Spaces Dug . | . . . . . . . . . . . . . . Terrain Destroyed 129 | . 6 . . . . . 1 . 4 10 . 22 86 Melee . | . . . . . . . . . . . . . . Projectile 27 | . . . . . . . 1 . 4 10 . 9 3 AOE 102 | . 6 . . . . . . . . . . 13 83 Terrain Rammed . | . . . . . . . . . . . . . . Walls Destroyed . | . . . . . . . . . . . . . . Machines Disabled . | . . . . . . . . . . . . . . Actions | -11 -10 -10 -10 -9 -8 -8 -7 -6 -6 -6 -6 -5 -5 --------- Run | Yrd Mat Min Exi Min Mat Sto Fac Fac Low Low Dat Pro Fac Total 5190 | . 59 172 531 103 322 357 387 97 403 685 90 933 1051 Wait 330 | . . . . . 30 39 107 . . 18 . 28 108 Move 4321 | . 49 171 530 100 251 244 260 87 370 605 90 805 759 Hop . | . . . . . . . . . . . . . . Pick Up 77 | . 2 1 . . 8 11 2 3 5 9 . 13 23 Fast Attach 46 | . 1 . 1 . 10 5 2 2 . 2 . 2 21 Attach 42 | . 2 . . . 2 1 2 . 2 2 . 17 14 Detach . | . . . . . . . . . . . . . . Swap 34 | . . . . . 4 7 3 1 4 4 . 4 7 Drop 65 | . 3 . . . 1 12 5 4 7 15 . . 18 Fire 191 | . 2 . . 3 1 27 6 . 15 29 . 61 47 Melee 69 | . . . . . 15 . . . . . . . 54 Ram . | . . . . . . . . . . . . . . Kick . | . . . . . . . . . . . . . . Crush . | . . . . . . . . . . . . . . Escape Stasis 4 | . . . . . . 4 . . . . . . . Rewire 4 | . . . . . . . . . . 1 . 3 . Trap . | . . . . . . . . . . . . . . Miscellaneous 7 | . . . . . . 7 . . . . . . . Route ------- -11/Scrapyard -10/Materials -10/Mines -10/Exiles (discovered 2 exits: [*Min x2]) -9/Mines -8/Materials -8/Storage -7/Factory -6/Factory -6/Lower Caves -6/Lower Caves -6/Data Miner -5/Proximity Caves -5/Factory (discovered 4 exits: Fac x2 / Upp x2) History --------- Turn | Location | Event 1 | -11/Scrapyard | Discovered new exit (range 0) 1 | -11/Scrapyard | Entered Materials 50 | -10/Materials | Discovered new exit (range 14) 63 | -10/Materials | Entered Mines 66 | -10/Mines | Received a Mining Laser from a helpful Derelict 222 | -10/Mines | Deemed a non-threat by the Exiles lab entrance 223 | -10/Mines | Discovered new exit (range 5) 227 | -10/Mines | Entered Exiles 227 | -10/Exiles | Found Exiles lab abandoned 227 | -10/Exiles | Accompanied by 1 ally 240 | -10/Exiles | Discovered new exit (range 15) 300 | -10/Exiles | Build established: Mutant 725 | -10/Exiles | Discovered new exit (range 10) 732 | -10/Exiles | Entered Mines 771 | -9/Mines | Assembled infested the area 791 | -9/Mines | Released all parts (5) 810 | -9/Mines | Discovered new exit (range 9) 814 | -9/Mines | Entered Materials 814 | -8/Materials | Evolved 4 slots: Propulsion x1, Utility x3 1253 | -8/Materials | Discovered new exit (range 7) 1318 | -8/Materials | Entered Storage 1533 | -8/Storage | Lost 8 allies 1562 | -8/Storage | Destroyed 9 combat bots 1846 | -8/Storage | Build established: Scavenger-Mutant 2036 | -8/Storage | Discovered new exit (range 6) 2054 | -8/Storage | Entered Factory 2054 | -7/Factory | Evolved 2 slots: Utility x1, Weapon x1 2596 | -7/Factory | Build established: Scavenger-Tank 2749 | -7/Factory | Discovered new exit (range 19) 2795 | -7/Factory | Entered another Factory area 2795 | -6/Factory | Evolved 2 slots: Propulsion x1, Utility x1 2912 | -6/Factory | Discovered new exit (range 14) 2934 | -6/Factory | Entered Lower Caves 3500 | -6/Lower Caves | Discovered new exit (range 9) 3531 | -6/Lower Caves | Entered another Lower Caves area 3624 | -6/Lower Caves | Learned location of 2 exits from Factory 3963 | -6/Lower Caves | Attacked by a delusional Derelict stockpiling parts 4167 | -6/Lower Caves | Build established: Tank 4514 | -6/Lower Caves | Discovered new exit (range 7) 4543 | -6/Lower Caves | Entered Data Miner 4543 | -6/Data Miner | Discovered new exit (range 6) 4562 | -6/Data Miner | Met Data Miner 4609 | -6/Data Miner | Learned location of Section 7 (-2) 4609 | -6/Data Miner | Acquired the access code to Warlord's prototype stash 4635 | -6/Data Miner | Received God Mode back door access code from Data Miner 4674 | -6/Data Miner | Entered Proximity Caves 4797 | -5/Proximity Caves | Spotter reported a threat 5165 | -5/Proximity Caves | Attracted the attention of an 0b10 base 5205 | -5/Proximity Caves | Destroyed 10 combat bots 5274 | -5/Proximity Caves | Lost 13 parts (1p4n5u3w) 5327 | -5/Proximity Caves | Spotter reported a threat 5381 | -5/Proximity Caves | Attracted the attention of an 0b10 checkpoint 5466 | -5/Proximity Caves | Core integrity fell below 50% 5499 | -5/Proximity Caves | Lost 3 parts (1n2u) 5724 | -5/Proximity Caves | Spotter reported a threat 5823 | -5/Proximity Caves | Spotted B-75 Beast 5859 | -5/Proximity Caves | Build established: Gunner 6180 | -5/Proximity Caves | Discovered new exit (range 5) 6185 | -5/Proximity Caves | Entered Factory 6185 | -5/Factory | Evolved 2 slots: Utility x2 6186 | -5/Factory | Identified exit to Upper Caves 6187 | -5/Factory | Identified exit to Factory 6485 | -5/Factory | Search patrols dispatched 6601 | -5/Factory | Build established: Hacker-Gunner 7089 | -5/Factory | System corruption reached 10% 7128 | -5/Factory | Lost 8 parts (3n3u2w) 7248 | -5/Factory | Lost 5 parts (1n2u2w) 7319 | -5/Factory | Core integrity fell below 50% 7353 | -5/Factory | Lost 6 parts (1p2n3w) 7492 | -5/Factory | Build established: Hacker-Mutant 7670 | -5/Factory | Garrison activated, responded to threat 7698 | -5/Factory | System corruption reached 30% 7737 | -5/Factory | Core integrity fell below 20% 7783 | -5/Factory | Destroyed by G-50 Soldier with Heavy Laser Last Messages --------------- 07773_ Destroyed Imp. Target Analyzer. 07773_ P-70 Sage system corrupted by crushing effect. 07773_ P-70 Sage knocked back. 07779_ Com. Wheel destroyed. 07779_ Sneak attack on U-05 Engineer. 07779_ Destroyed Terrain Scan Processor. 07779_ Destroyed Structural Scanner. 07779_ Destroyed Wheel. 07779_ Destroyed Terrain Scanner. 07779_ U-05 Engineer system corrupted by crushing effect. 07779_ U-05 Engineer knocked back. 07779_ Destroyed Mining Laser. 07779_ T-07 Excavator system corrupted by crushing effect. 07780_ U-05 Engineer system terminally corrupted. 07780_ Welding Torch fried. 07780_ T-07 Excavator system terminally corrupted. 07780_ Wheel fried. 07780_ Lgt. Ion Engine fried. 07780_ Imp. Terrain Scanner fried. 07782_ G-50 Soldier heat short circuits Hvy. Laser. Map ----- +----------------------------------------------------+ | ?????????????????????????????????????????????????? | | ?????????????????????????????????????????????????? | | ?????????????????????????????????????????????????? | | ????????????????????????###??????????????????????? | | ???????????????????????? ??????????????????????? | | ???????????????????????? ??????????????????????? | | ########????????????????! ??????????????????????? | | #???????????????? ??????????????????????? | | #???????????????? ??????????????????????? | | #???????????????? ??????????????????????? | | = ! #???????????????? ??????????????????????? | | #???????????????? ??????????????????????? | | #???????????????? ??????????????????????? | | #???????????????? !??????????????????????? | | |#???????????????? ??????????????????????? | | #???????????????? ??????????????????????? | | #????????????????#+#??????????????????????? | | #????????????????# #??????????????????????? | | #????????????????# #??????????????????????? | | ########????????????????# #??????????????????????? | | ##############??????????# #??????????????????????? | | """ """"""" #??????????# #??????????????????????? | | """ """"""" #??????????#%#??????????????????????? | | """ """"""" #??????????#%#??????????????????????? | | """ """"""" #??????????#%#?????????###### #???? | | ############@#### ???? | | + *[*[[*g*g!p= T ???? | | ################# ???? | | #?????###??????????????########?????? | | ##############???????????????????????????????????? | | = #????????????????????????????????????????? | | #????????????????????????????????????????? | | #????????????????????????????????????????? | | #????????????????????????????????????????? | | #????????????????????????????????????????? | | #????????????????????????????????????????? | | #########????????????????????????????????????????? | | ?????????????????????????????????????????????????? | | ?????????????????????????????????????????????????? | | ?????????????????????????????????????????????????? | | ?????????????????????????????????????????????????? | | ?????????????????????????????????????????????????? | | ?????????????????????????????????????????????????? | | ?????????????????????????????????????????????????? | | ?????????????????????????????????????????????????? | | ?????????????????????????????????????????????????? | | ?????????????????????????????????????????????????? | | ?????????????????????????????????????????????????? | | ?????????????????????????????????????????????????? | | ?????????????????????????????????????????????????? | +----------------------------------------------------+ Best States ------------- Heat Dissipation 68 Energy Generation 21 Energy Capacity 315 Matter Stores 500 Matter Capacity 500 Sight Range 22 Terrain Scan Density 210 Jamming Range 14 Armor Coverage 825 Core Shielding 20 Evasion (%) 50 Targeting Accuracy 5 Armor Integrity Analysis 30 Recoil Reduction 8 Particle Charging 15 Offensive Hacking 10 Defensive Hacking 21 Item Schematics ----------------- Combat Drone Bay | -6/Data Miner | Free Lgt. Regenerative Plating | -6/Data Miner | Free Cld. Gravmag System | -6/Data Miner | Free Imp. Thermal Defense Suite | -6/Data Miner | Free Kinetic Spear | -6/Data Miner | Free Adv. VSS Leg | -6/Data Miner | Free Quantum Capacitor | -6/Data Miner | Free Hardcell Cannon | -6/Data Miner | Free Imp. Coolant Injector | -6/Data Miner | Free Point Defense Array | -6/Data Miner | Free Lgt. Antimatter Reactor | -6/Data Miner | Free Arm. Heavy Treads | -6/Data Miner | Free Adv. Remote Datajack | -6/Data Miner | Free Robot Schematics ------------------ A-15 Conveyor | -6/Data Miner | Free B-60 Warrior | -6/Data Miner | Free O-32 Director | -6/Data Miner | Free E-15 Imp | -6/Data Miner | Free Fabricated ------------ Nothing Alien Tech Used ----------------- None Achievements -------------- None Challenges ------------ None Game ------ Seed HeatCoolantSuperbattery Manual? 0 Play Time 00:50:08 Cumulative 124.7 hours Start 2025.03.15 @ 20:51:48 End 2025.03.16 @ 00:09:59 Sessions 1 Manual Loads 0 Difficulty Rogue Special Mode None Game No. 185 Rogue 168 Adventurer 15 Explorer 2 Win Type - Total 1 Types 1/0/0/0/0/0/0/0/0 Lore% 22 Gallery% 57 Achievement% 46 Wizard Run 0 Options --------- Layout 0 ASCII 0 Keyboard 0 Movement Arrows Keybinds 0 Fullscreen 1 Font 36/Smallcaps Map View 76x50 Zoom Use 0% Tactical HUD 1 Map Filters NONE Filters NONE Steam 1 RUN: 959ae6fe-fbb3-4ebb-8b66-ed9d55dfe658